 Dungeon Crawl Stone Soup version 0.26-a0-962-g9b92081034 (webtiles) character file.

Game seed: 7476061295046143421

79 Doompeanut the Skirmisher (level 4, 0/29 HPs)
             Began as a Gargoyle Fighter on Dec 2, 2020.
             Killed from afar by Sigmund (6 damage)
             ... with a puff of flame
             ... on level 2 of the Dungeon.
             The game lasted 00:11:54 (1957 turns).

Doompeanut the Skirmisher (Gargoyle Fighter)        Turns: 1957, Time: 00:11:55

Health: 0/29       AC: 14    Str: 21    XL:     4   Next: 38%
Magic:  4/4        EV:  5    Int:  8    God:
Gold:   75         SH:  9    Dex:  9    Spells: 3/3 levels left

rFire    . . .     SeeInvis .   a - +0 flail
rCold    . . .     Faith    .   c - +0 kite shield
rNeg     + . .     Spirit   .   k - +0 chain mail rPois āˆž Reflect .
                                (no helmet)
rElec    +         Harm     .   (no cloak)
rCorr    .         Rampage  .   (no gloves)
MR       .....                  s - +0 pair of boots
Stlth    ..........             (no amulet)
HPRegen  0.09/turn              (no ring)
MPRegen  0.09/turn              (no ring)

@: no status effects
A: negative energy resistance 1, electricity resistance, unbreathing,
petrification resistance, rot immunity, AC +3
a: no special abilities


You were on level 2 of the Dungeon.
You visited 1 branch of the dungeon, and saw 2 of its levels.

You collected 75 gold pieces.

Inventory:

Hand Weapons
 a - a +0 flail (weapon)
 e - a +0 spear
 j - a +0 short sword
 o - a +0 dagger
 p - a +0 hunting sling
 w - a +0 war axe
Armour
 b - a +0 scale mail
 c - a +0 kite shield (worn)
 f - a +0 ring mail
 k - a +0 chain mail (worn)
 m - a +0 ring mail
 q - a +0 robe
 s - a +0 pair of boots (worn)
 t - a +0 leather armour
 u - a +0 leather armour
 v - a +0 ring mail
Scrolls
 g - a scroll of fear {unknown}
 h - a scroll of identify {unknown}
 n - a scroll of enchant weapon {unknown}
 r - a scroll of blinking {unknown}
 y - a scroll of random uselessness {unknown}
Potions
 d - a potion of might
 i - a potion of mutation {unknown}
 l - 2 potions of curing {unknown}
 x - a potion of flight {unknown}


   Skills:
 + Level 3.8 Fighting
 + Level 2.6 Maces & Flails
 + Level 1.2 Polearms
 + Level 3.8 Armour
 + Level 3.8 Shields


You had 3 spell levels left.
You didn't know any spells.
Your spell library was empty.

Dungeon Overview and Level Annotations

Branches:
Dungeon (2/15)

Altars:

Annotations:
D:2 Sigmund


Innate Abilities, Weirdness & Mutations

You are resistant to torment.
Your stone body is resilient. (AC +3)
You are immune to poison.
You resist negative energy. (rN+)
You are resistant to electric shocks. (rElec)
You can survive without breathing.
You are immune to petrification.
You are immune to rotting.


Message History

You block Sigmund's attack.
You closely miss Sigmund.
Sigmund is severely wounded.
Sigmund's eyes start glowing with a red light.
Sigmund hits you but does no damage.
You closely miss Sigmund.
Sigmund is severely wounded.
Sigmund hits you but does no damage.
You closely miss Sigmund.
Sigmund is severely wounded.
Sigmund hits you with a +0 scythe!
* * * LOW HITPOINT WARNING * * *
You sock Sigmund!
Sigmund is almost dead.
Sigmund hits you but does no damage.
You closely miss Sigmund.
Sigmund is almost dead.
Sigmund points at you and mumbles some strange words.
The puff of flame hits you.
You die...

#.............. ....###
##..........##.. .......
#...........##.# .......
#............(.( .......
#..........#....
.......##..........###..
........#..........###'#
!.......................
......@@................
#.......................
##...........#####......
##..āŒ .......# #......
+...........# #......
#............# #......
..Pā‰ˆā‰ˆP.#######
#...... ...PP.. #......
.. #......


You could see Sigmund.

Vanquished Creatures
  A bullfrog skeleton (D:2)
  An adder (D:1)
  An ooze (D:1)
  A worm (D:2)
  A dart slug (D:2)
  3 leopard geckos (D:2)
  A ball python (D:2)
  2 giant cockroaches (D:1)
  3 hobgoblins (D:2)
  2 jackals (D:1)
  5 bats
  3 goblins
  3 kobolds
  A rat (D:2)
28 creatures vanquished.

Notes
Turn   | Place    | Note
-------+----------+-------------------------------------------
     0 | D:1      | Doompeanut the Gargoyle Fighter began the quest for the
                  | Orb.
     0 | D:1      | Reached XP level 1. HP: 14/14 MP: 1/1
   391 | D:1      | Reached XP level 2. HP: 19/19 MP: 2/2
  1093 | D:1      | Reached XP level 3. HP: 8/23 MP: 3/3
  1509 | D:2      | Reached skill level 1 in Polearms
  1509 | D:2      | Reached XP level 4. HP: 18/29 MP: 4/4
  1942 | D:2      | Noticed Sigmund
  1957 | D:2      | Killed from afar by Sigmund

Illustrated notes

Levels and vault maps discovered:
D:1:      dpeg_chamrin_arrival_tetris, layout_basic
D:2:      layout_basic, tso_oasis_becter, minmay_misc_feat_x, uniq_sigmund

Skill      XL: |  1  2  3 |
---------------+----------+-----
Polearms       | 1 |  1.2
Fighting       | |  3.8
Maces & Flails | |  2.6
Armour         | |  3.8
Shields        | |  3.8

Action                   |  1- 3 |  4- 6 || total
-------------------------+-------+-------++-------
Melee: Spear             |    25 |       ||    25
       Flail             |    89 |    44 ||   133
Armor: Scale mail        |    72 |     4 ||    76
       Chain mail        |       |    40 ||    40
Dodge: Dodged            |    44 |    15 ||    59
Block: Kite shield       |    71 |    23 ||    94

Table legend: (Time is in decaauts)
 A = Elapsed time spent in this place.
 B = Non-inter-level travel time spent in this place.
 C = Inter-level travel time spent in this place.
 D = Time resting spent in this place.
 E = Time spent auto-exploring this place.
 F = Levels seen in this place.
 G = Mean time per level.
                   A        B        C        D        E       F      G
               +--------+--------+--------+--------+--------+-----+--------+
         Total |   2009 |   1921 |     88 |    335 |   1123 |   2 | 1004.5 |
       Dungeon |   2009 |   1921 |     88 |    335 |   1123 |   2 | 1004.5 |
               +--------+--------+--------+--------+--------+-----+--------+

Top non-repeatable levels by time:
     D:1: 1314 daAuts
     D:2: 695 daAuts
